cohdb
Replays
Latest Replays
All Replays
Popular Replays
Top Player Replays
Match Explorer
How It Works
Community
CoH3 Stats
Reddit
Sign in to upload your games and track your stats! →
Sign in with Steam
Match 27729333
Unlisted
Match 27729333
Overview
Messages
Build Orders
End
Selects Italian Combined Arms Battlegroup
Selects Bersaglieri Squad
Bersaglieri Squad
Bersaglieri Squad
Construct Light Support Kompanie
Selects Bersaglieri Bolster
Bersaglieri Squad
2.5-tonne Medical Truck
Fire Support Elements
Bersaglieri Squad
Panzerjäger Mechanized Group
Panzerjäger Mechanized Group
Selects Breda Model 30 Light Machine Guns
Veteran Squad Leaders
Construct Panzerarmee Kommand
Panzer III L Medium Tank
Emergency Repair Kits
Selects Semovente da 75/18 Assault Gun
Selects Strafing Run
Strafing Run
Panzer III L Medium Tank
Selects Artillery Cover
Panzer III L Medium Tank
Strafing Run
Rapid Advance
Armored Reserves
Strafing Run
Panzer IV Assault Group
Strafing Run
Panzer III L Medium Tank
Panzer III L Medium Tank
Strafing Run
AI Takeover
2522720084
Piratatuga2
Carius
iAinEng
OHMY
Howolcat
the.dolfini
ccocco
0
0
Comments
sign in to comment!
No comments posted yet!